 Dungeon Crawl Stone Soup version 0.28-a0-1074-g3cb2360906 (webtiles) character file.

Game seed: 8605307062210220727

65 GenialerGandalf the Skirmisher (level 4, -2/40 HPs)
             Began as a Hill Orc Fighter on Dec 9, 2021.
             Slain by a gnoll (4 damage)
             ... on level 3 of the Dungeon.
             The game lasted 00:01:28 (654 turns).

GenialerGandalf the Skirmisher (Hill Orc Fighter)    Turns: 654, Time: 00:01:28

Health: -2/40      AC:  7    Str: 20    XL:     4   Next: 13%
Magic:  4/4        EV:  9    Int:  8    God:
Gold:   18         SH:  4    Dex: 10    Spells: 3/3 levels left

rFire   . . .      SeeInvis .   a - +0 war axe
rCold   . . .      Faith    .   c - +0 buckler
rNeg    . . .      Spirit   .   b - +0 scale mail
rPois   .          Reflect  .   (no helmet)
rElec   .          Harm     .   (no cloak)
rCorr   .          Rampage  .   (no gloves)
Will    .....                   (no boots)
Stlth   ..........              (no amulet)
HPRegen 0.13/turn               (no ring)
MPRegen 0.09/turn               (no ring)

@: no status effects
A: no striking features
a: no special abilities


You were on level 3 of the Dungeon.
You visited 1 branch of the dungeon, and saw 3 of its levels.

You collected 18 gold pieces.

Inventory:

Hand Weapons
 a - a +0 war axe (weapon)
Armour
 b - a +0 scale mail (worn)
 c - a +0 buckler (worn)
Wands
 e - a wand of flame (23)
Potions
 d - a potion of might


   Skills:
 + Level 4.3 Fighting
 + Level 3.4 Axes
 + Level 4.0 Armour
 + Level 0.1 Dodging
 + Level 3.9 Shields


You had 3 spell levels left.
You didn't know any spells.
Your spell library was empty.

Dungeon Overview and Level Annotations

Branches:
Dungeon (3/15)

Altars:


Message History

The adder poisons you! The adder bites you.
You are more poisoned.
The adder poisons you!
You miss the adder.
You feel very sick. The adder bites you.
You are more poisoned.
The adder poisons you!
An iguana comes into view.
The adder bites you but does no damage.
You slash the adder!
The adder is almost dead.
You feel very sick. The adder barely misses you.
The adder completely misses you.
You closely miss the adder.
The adder is severely wounded.
You feel sick. You block the adder's attack.
You hit the adder.
You kill the adder!
You feel sick. The gnoll hits you with a +0 flail.
You have reached level 4!
You hit the gnoll but do no damage.
You feel sick.
You hit the gnoll.
The gnoll is lightly wounded.
You hit the gnoll.
You feel sick. The gnoll closely misses you. The gnoll barely misses you.
You barely miss the gnoll. You hit the gnoll but do no damage.
You feel sick. The gnoll hits you with a +0 flail.
* * * LOW HITPOINT WARNING * * *
The gnoll barely misses you. x2; You block the gnoll's attack.
You hit the gnoll.
The gnoll is heavily wounded.
You hit the gnoll.
You feel sick.
You are no longer poisoned.
The gnoll closely misses you. The gnoll hits you with a +0 club.
* * * LOW HITPOINT WARNING * * *
You hit the gnoll but do no damage.
The gnoll is moderately wounded.
You closely miss the gnoll. The gnoll hits you with a +0 flail.
You die...

#..# ##...##
##.....# ........
.....## .lg. #g#####
#@g...# #####.####
#.......# #.......#
# #.......##.#
#............#
..........)####
####.......######.##
#........<.......


You could see an iguana and 3 gnolls.

Vanquished Creatures
  A gnoll (D:3)
  4 adders
  2 ball pythons (D:2)
  3 endoplasms
  A hobgoblin (D:2)
  2 quokkas (D:2)
  2 bats
  A frilled lizard (D:1)
  2 goblins (D:2)
  2 kobolds
20 creatures vanquished.

Notes
Turn   | Place    | Note
-------+----------+-------------------------------------------
     0 | D:1      | GenialerGandalf the Hill Orc Fighter began the quest for
                  | the Orb.
     0 | D:1      | Reached XP level 1. HP: 19/19 MP: 1/1
    70 | D:2      | Reached XP level 2. HP: 27/27 MP: 2/2
    78 | D:2      | Reached XP level 3. HP: 18/33 MP: 3/3
   650 | D:3      | Reached XP level 4. HP: 13/40 MP: 4/4
   653 | D:3      | HP: 2/40 [gnoll (4)]
   654 | D:3      | Slain by a gnoll

Illustrated notes

Levels and vault maps discovered:
D:1:      onia_arrival_mini_maze_b, layout_basic, minivault_4
D:2:      layout_rooms, chequers_ecumenical_altar_grove, minmay_misc_feat_roman
D:3:      layout_loops_ring, lightli_corner_chamber

Skill      XL: |  1  2  3 |
---------------+----------+-----
Fighting       | 4 |  4.3
Axes           | 3 |  3.4
Armour         | 4 |  4.0
Dodging        | |  0.1
Shields        | |  3.9

Action                   |  1- 3 |  4- 6 || total
-------------------------+-------+-------++-------
Melee: War axe           |    53 |     5 ||    58
Armor: Scale mail        |    43 |       ||    43
Dodge: Dodged            |    52 |     5 ||    57
Block: Buckler           |    26 |     1 ||    27

Table legend: (Time is in decaauts)
 A = Elapsed time spent in this place.
 B = Non-inter-level travel time spent in this place.
 C = Inter-level travel time spent in this place.
 D = Time resting spent in this place.
 E = Time spent auto-exploring this place.
 F = Levels seen in this place.
 G = Mean time per level.
                   A        B        C        D        E       F      G
               +--------+--------+--------+--------+--------+-----+--------+
         Total |    673 |    673 |      0 |    474 |      0 |   3 |  224.3 |
       Dungeon |    673 |    673 |      0 |    474 |      0 |   3 |  224.3 |
               +--------+--------+--------+--------+--------+-----+--------+

Top non-repeatable levels by time:
     D:2: 561 daAuts
     D:1: 67 daAuts
     D:3: 45 daAuts
